AA
BUFFALO RED WINGS @ SAN FRANCISCO SEALS
06/06/2060
 
TOP OF THE 1ST
Buffalo Red Wings batting - Pitching for San Francisco Seals : LHP Sean Fleig
Pitching: LHP Sean Fleig
Batting: RHB Braydon Makris 0-0: Ball
1-0: Foul Ball, location: 2F
1-1: Foul Ball, location: 2F
1-2: Strikes out looking
Batting: RHB Israel Coates 0-0: Called Strike
0-1: Ball
1-1: SOLO HOME RUN (Flyball, 7D, EV 95.6 MPH), Distance : 375 ft
Batting: RHB Chandler Penrod 0-0: Swinging Strike
0-1: Foul Ball, location: 2F
0-2: Ball
1-2: Ball
2-2: Ball
3-2: Base on Balls
Batting: RHB Kyle Curtiss 0-0: Called Strike
0-1: Ball
1-1: Ball
2-1: Called Strike
2-2: Strikes out swinging
Batting: RHB Kaleb McCoy 0-0: Ball
1-0: Ball
2-0: Foul Ball, location: 2F
2-1: Called Strike
2-2: Strikes out swinging
Top of the 1st over - 1 run, 1 hit, 0 errors, 1 left on base; Buffalo 1 - San Francisco 0
BOTTOM OF THE 1ST
San Francisco Seals batting - Pitching for Buffalo Red Wings : RHP Holden Aldaba
Pitching: RHP Holden Aldaba
Batting: RHB Justen Roman 0-0: Ball
1-0: Ground out 4-3 (Groundball, 4, EV 105.6 MPH)
Batting: RHB Kyle Phipps 0-0: Ball
1-0: Ball
2-0: Ball
3-0: Called Strike
3-1: Called Strike
3-2: Base on Balls
Batting: RHB J.P. Buffolino 0-0: Foul Ball, location: 2F
0-1: Called Strike
0-2: Ball
1-2: Ball
2-2: Ball
3-2: SINGLE (Line Drive, 7S, EV 101.2 MPH)
Kyle Phipps to second
Kyle Phipps to third
Batting: LHB Kurtis Schell 0-0: Called Strike
0-1: Foul Ball, location: 2F
0-2: Ball
1-2: Ball
2-2: Foul Ball, location: 2F
2-2: Strikes out swinging
Batting: RHB Landon Dyer 0-0: Called Strike
0-1: Foul Ball, location: 2F
0-2: SINGLE (Groundball, 6S, EV 65.6 MPH) (infield hit)
Kyle Phipps scores
J.P. Buffolino to second
Batting: SHB LaRon Pennicott 0-0: Foul Ball, location: 2F
0-1: Swinging Strike
0-2: Ball
1-2: Strikes out looking
Bottom of the 1st over - 1 run, 2 hits, 0 errors, 2 left on base; Buffalo 1 - San Francisco 1
TOP OF THE 2ND
Buffalo Red Wings batting - Pitching for San Francisco Seals : LHP Sean Fleig
Batting: SHB Brannon Acevedo 0-0: Ball
1-0: Swinging Strike
1-1: Fly out, F8 (Line Drive, 8LD, EV 88.1 MPH)
Batting: RHB Tris Kathirithamby 0-0: Ball
1-0: Called Strike
1-1: Swinging Strike
1-2: Foul Ball, location: 2F
1-2: Strikes out looking
Batting: RHB Brinson Sarmiento 0-0: Ground out 6-3 (Groundball, 6, EV 83.1 MPH)
Top of the 2nd over - 0 runs, 0 hits, 0 errors, 0 left on base; Buffalo 1 - San Francisco 1
BOTTOM OF THE 2ND
San Francisco Seals batting - Pitching for Buffalo Red Wings : RHP Holden Aldaba
Batting: LHB Walt Barefoot 0-0: Ball
1-0: DOUBLE (Line Drive, 78D, EV 101.2 MPH)
Batting: RHB Tristin Hamada 0-0: Fly out, F9 (Line Drive, 89D, EV 85.6 MPH)
Batting: RHB Braden Coleman 0-0: Foul Ball, location: 2F
0-1: Called Strike
0-2: Ball
1-2: Ground out 6-3 (Groundball, 6M, EV 93.1 MPH)
Walt Barefoot to third
Batting: RHB Justen Roman 0-0: Ball
1-0: Fly out, F7 (Line Drive, 7D, EV 90.0 MPH)
Bottom of the 2nd over - 0 runs, 1 hit, 0 errors, 1 left on base; Buffalo 1 - San Francisco 1
TOP OF THE 3RD
Buffalo Red Wings batting - Pitching for San Francisco Seals : LHP Sean Fleig
Batting: LHB Joel Van Dusen 0-0: Swinging Strike
0-1: Swinging Strike
0-2: Foul Ball, location: 2F
0-2: Ball
1-2: Ball
2-2: Ball
3-2: Base on Balls
Batting: RHB Braydon Makris 0-0: Ball
1-0: Ball
2-0: Called Strike
2-1: Ball
3-1: Base on Balls
Joel Van Dusen to second
Batting: RHB Israel Coates 0-0: Foul Ball, location: 2F
0-1: Ball
1-1: Grounds into double play, 6-4-3 (Groundball, 6S, EV 83.1 MPH)
Joel Van Dusen to third
Batting: RHB Chandler Penrod 0-0: Called Strike
0-1: Called Strike
0-2: Foul Ball, location: 2F
0-2: Strikes out looking
Top of the 3rd over - 0 runs, 0 hits, 0 errors, 1 left on base; Buffalo 1 - San Francisco 1
BOTTOM OF THE 3RD
San Francisco Seals batting - Pitching for Buffalo Red Wings : RHP Holden Aldaba
Batting: RHB Kyle Phipps 0-0: Ball
1-0: Foul Ball, location: 2F
1-1: Swinging Strike
1-2: Ball
2-2: Strikes out swinging
Batting: RHB J.P. Buffolino 0-0: Fly out, F8 (Line Drive, 8LS, EV 93.8 MPH)
Batting: LHB Kurtis Schell 0-0: Called Strike
0-1: Ball
1-1: Ball
2-1: Swinging Strike
2-2: Ground out 4-3 (Groundball, 4, EV 88.8 MPH)
Bottom of the 3rd over - 0 runs, 0 hits, 0 errors, 0 left on base; Buffalo 1 - San Francisco 1
TOP OF THE 4TH
Buffalo Red Wings batting - Pitching for San Francisco Seals : LHP Sean Fleig
Batting: RHB Kyle Curtiss 0-0: Ball
1-0: Called Strike
1-1: Called Strike
1-2: Foul Ball, location: 2F
1-2: Foul Ball, location: 2F
1-2: Fly out, F7 (Line Drive, 7S, EV 88.8 MPH)
Batting: RHB Kaleb McCoy 0-0: Ball
1-0: Called Strike
1-1: Ball
2-1: Foul Ball, location: 2F
2-2: Ball
3-2: Base on Balls
Batting: SHB Brannon Acevedo 0-0: Ball
1-0: Called Strike
1-1: Called Strike
1-2: Strikes out swinging
Batting: RHB Tris Kathirithamby 0-0: Called Strike
0-1: Fly out, F8 (Line Drive, 8LD, EV 96.2 MPH)
Top of the 4th over - 0 runs, 0 hits, 0 errors, 1 left on base; Buffalo 1 - San Francisco 1
BOTTOM OF THE 4TH
San Francisco Seals batting - Pitching for Buffalo Red Wings : RHP Holden Aldaba
Batting: RHB Landon Dyer 0-0: Called Strike
0-1: Called Strike
0-2: Ball
1-2: Foul Ball, location: 2F
1-2: Strikes out swinging
Batting: SHB LaRon Pennicott 0-0: Fly out, F9 (Flyball, 9S, EV 87.5 MPH)
Batting: LHB Walt Barefoot 0-0: Ball
1-0: Fly out, F4 (Popup, 34S, EV 85.6 MPH)
Bottom of the 4th over - 0 runs, 0 hits, 0 errors, 0 left on base; Buffalo 1 - San Francisco 1
TOP OF THE 5TH
Buffalo Red Wings batting - Pitching for San Francisco Seals : LHP Sean Fleig
Batting: RHB Brinson Sarmiento 0-0: SINGLE (Flyball, 56D, EV 91.9 MPH)
Batting: LHB Joel Van Dusen 0-0: Ball
1-0: Sac Bunt to 2L - play at first, batter OUT! 2-3
Brinson Sarmiento to second
Batting: RHB Braydon Makris 0-0: Ball
1-0: Swinging Strike
1-1: SINGLE (Line Drive, 78S, EV 90.6 MPH)
Brinson Sarmiento to third
Batting: RHB Israel Coates 0-0: Ball
1-0: Ball
2-0: Ball
3-0: Base on Balls
Braydon Makris to second
Batting: RHB Chandler Penrod 0-0: Foul Ball, location: 2F
0-1: Ball
1-1: Swinging Strike
1-2: Foul Ball, location: 2F
1-2: Fly out, F7 (Flyball, 78M, EV 86.9 MPH)
Runner from 3rd tags up, SCORES, no throw by LF
Batting: RHB Kyle Curtiss 0-0: Foul Ball, location: 2F
0-1: Ball
1-1: Ball
2-1: Reached on error, E5 (Groundball, 5, EV 88.8 MPH)
Braydon Makris to third
Israel Coates to second
Batting: RHB Kaleb McCoy 0-0: Ground out 6-3 (Groundball, 6MS, EV 85.6 MPH)
Top of the 5th over - 1 run, 2 hits, 1 error, 3 left on base; Buffalo 2 - San Francisco 1
BOTTOM OF THE 5TH
San Francisco Seals batting - Pitching for Buffalo Red Wings : RHP Holden Aldaba
Batting: RHB Tristin Hamada 0-0: Ball
1-0: Fly out, F2 (Popup, 3SF, EV 72.5 MPH)
Batting: RHB Braden Coleman 0-0: Called Strike
0-1: Ground out 5-3 (Groundball, 5, EV 75.6 MPH)
Batting: RHB Justen Roman 0-0: Swinging Strike
0-1: Ball
1-1: Foul Ball, location: 2F
1-2: Ball
2-2: Foul Ball, location: 2F
2-2: SINGLE (Groundball, 5S, EV 70.0 MPH) (infield hit)
Batting: RHB Kyle Phipps 0-0: Fielders Choice at 2nd, 5-4 (Groundball, 5, EV 111.9 MPH)
Bottom of the 5th over - 0 runs, 1 hit, 0 errors, 1 left on base; Buffalo 2 - San Francisco 1
TOP OF THE 6TH
Buffalo Red Wings batting - Pitching for San Francisco Seals : LHP Sean Fleig
Batting: SHB Brannon Acevedo 0-0: Ground out 6-3 (Groundball, 6, EV 83.8 MPH)
Batting: RHB Tris Kathirithamby 0-0: Called Strike
0-1: Swinging Strike
0-2: Strikes out swinging
Batting: RHB Brinson Sarmiento 0-0: Ball
1-0: Called Strike
1-1: Ball
2-1: Ball
3-1: Swinging Strike
3-2: Foul Ball, location: 2F
3-2: Strikes out swinging
Top of the 6th over - 0 runs, 0 hits, 0 errors, 0 left on base; Buffalo 2 - San Francisco 1
BOTTOM OF THE 6TH
San Francisco Seals batting - Pitching for Buffalo Red Wings : RHP Holden Aldaba
Batting: RHB J.P. Buffolino 0-0: Reached via error on a dropped throw from 1B, E1 (Groundball, 34S, EV 78.1 MPH)
Batting: LHB Kurtis Schell 0-0: Foul Ball, location: 2F
0-1: Called Strike
0-2: Foul Ball, location: 2F
0-2: Ball
1-2: Ball
2-2: Strikes out swinging
Batting: RHB Landon Dyer 0-0: Ball
1-0: SINGLE (Groundball, 34D, EV 100.6 MPH)
J.P. Buffolino to second
Runner from 2nd tries for 3rd, SAFE, no throw by RF
Batting: SHB LaRon Pennicott 0-0: Foul Ball, location: 2F
0-1: Ball
1-1: Fly out, F9 (Line Drive, 9S, EV 88.8 MPH)
Batting: LHB Walt Barefoot 0-0: Ball
1-0: Ball
2-0: Called Strike
2-1: Ball
3-1: Base on Balls
Landon Dyer to second
Batting: RHB Tristin Hamada 0-0: Ball
1-0: Called Strike
1-1: Fielders Choice at 2nd, U4 (Groundball, 4M, EV 94.4 MPH)
Bottom of the 6th over - 0 runs, 1 hit, 1 error, 3 left on base; Buffalo 2 - San Francisco 1
TOP OF THE 7TH
Buffalo Red Wings batting - Pitching for San Francisco Seals : LHP Sean Fleig
Pitching: LHP Trevence Yang
Pinch Hitting: RHB Townes Zhan 0-0: Called Strike
0-1: Ball
1-1: Ball
2-1: Ball
3-1: Ground out U3 (Groundball, 34, EV 78.8 MPH)
Batting: RHB Braydon Makris 0-0: Foul Ball, location: 2F
0-1: Ground out 6-3 (Groundball, 6MD, EV 100.6 MPH)
Batting: RHB Israel Coates 0-0: Called Strike
0-1: DOUBLE (Line Drive, 9LS, EV 102.5 MPH)
Batting: RHB Chandler Penrod 0-0: Ball
1-0: Ball
2-0: Ball
3-0: Base on Balls
Batting: RHB Kyle Curtiss 0-0: Ball
1-0: Foul Ball, location: 2F
1-1: Ground out 1-3 (Groundball, 34S, EV 68.8 MPH)
Top of the 7th over - 0 runs, 1 hit, 0 errors, 2 left on base; Buffalo 2 - San Francisco 1
BOTTOM OF THE 7TH
San Francisco Seals batting - Pitching for Buffalo Red Wings : RHP Holden Aldaba
Now in RF: Rhys Oqvist
Batting: RHB Braden Coleman 0-0: Ball
1-0: Called Strike
1-1: Ball
2-1: Foul Ball, location: 2F
2-2: Ball
3-2: Base on Balls
Batting: RHB Justen Roman 0-0: Sac Bunt to 2L - play at first, batter OUT! 2-3
Braden Coleman to second
Batting: RHB Kyle Phipps 0-0: Swinging Strike
0-1: Ball
1-1: Ground out 2-3 (Groundball, 15S, EV 65.0 MPH)
Braden Coleman to third
Batting: RHB J.P. Buffolino 0-0: Ball
1-0: Swinging Strike
1-1: Ball
2-1: Ball
3-1: Base on Balls
Pitching: LHP Elton Walton
Batting: RHB Lee O'Connor 0-0: Foul Ball, location: 2F
0-1: Swinging Strike
0-2: Ball
1-2: Fly out, F8 (Flyball, 8RM, EV 89.4 MPH)
Bottom of the 7th over - 0 runs, 0 hits, 0 errors, 2 left on base; Buffalo 2 - San Francisco 1
TOP OF THE 8TH
Buffalo Red Wings batting - Pitching for San Francisco Seals : LHP Trevence Yang
Batting: RHB Kaleb McCoy 0-0: Called Strike
0-1: Ground out 6-3 (Groundball, 6, EV 90.0 MPH)
Batting: SHB Brannon Acevedo 0-0: Ball
1-0: SINGLE (Groundball, 6D, EV 95.0 MPH)
Batting: RHB Tris Kathirithamby 0-0: Called Strike
0-1: Foul Ball, location: 2F
0-2: Ball
1-2: Strikes out swinging
Batting: RHB Brinson Sarmiento 0-0: Fly out, F8 (Flyball, 8RD, EV 98.8 MPH)
Top of the 8th over - 0 runs, 1 hit, 0 errors, 1 left on base; Buffalo 2 - San Francisco 1
BOTTOM OF THE 8TH
San Francisco Seals batting - Pitching for Buffalo Red Wings : LHP Elton Walton
Batting: RHB Landon Dyer 0-0: Fly out, F4 (Popup, 34S, EV 72.5 MPH)
Batting: SHB LaRon Pennicott 0-0: Called Strike
0-1: Ball
1-1: Swinging Strike
1-2: Strikes out looking
Pinch Hitting: RHB Devon Roberson 0-0: Ball
1-0: Swinging Strike
1-1: Swinging Strike
1-2: Strikes out swinging
Bottom of the 8th over - 0 runs, 0 hits, 0 errors, 0 left on base; Buffalo 2 - San Francisco 1
TOP OF THE 9TH
Buffalo Red Wings batting - Pitching for San Francisco Seals : LHP Trevence Yang
Now at 2B: Devon Roberson
Batting: RHB Rhys Oqvist 0-0: Called Strike
0-1: Foul Ball, location: 2F
0-2: Ball
1-2: Strikes out swinging
Batting: RHB Braydon Makris 0-0: Called Strike
0-1: Fly out, F7 (Line Drive, 7S, EV 105.0 MPH)
Batting: RHB Israel Coates 0-0: Foul Ball, location: 2F
0-1: Ball
1-1: Ball
2-1: SINGLE (Line Drive, 89S, EV 108.1 MPH)
Batting: RHB Chandler Penrod 0-0: Ball
1-0: Swinging Strike
1-1: Ball
2-1: Foul Ball, location: 2F
2-2: Foul Ball, location: 2F
2-2: Ball
3-2: Foul Ball, location: 2F
3-2: Foul Ball, location: 2F
3-2: Base on Balls
Israel Coates to second
Pitching: RHP James Scott
Batting: RHB Kyle Curtiss 0-0: Called Strike
0-1: Ball
1-1: Swinging Strike
1-2: Ball
2-2: SINGLE (Groundball, 4MD, EV 96.2 MPH)
Israel Coates to third
Chandler Penrod to second
Runner from 3rd tries for Home, SAFE, throw by CF to home
Batting: RHB Kaleb McCoy 0-0: Ball
1-0: SINGLE (Flyball, 4MD, EV 86.9 MPH)
Chandler Penrod to third
Kyle Curtiss to second
Runner from 3rd tries for Home, SAFE, throw by CF to home
Batting: SHB Brannon Acevedo 0-0: Called Strike
0-1: Ball
Balk!
Kyle Curtiss to third
Kaleb McCoy to second
1-1: Ball
2-1: Ground out 4-3 (Groundball, 4, EV 88.1 MPH)
Top of the 9th over - 2 runs, 3 hits, 0 errors, 2 left on base; Buffalo 4 - San Francisco 1
BOTTOM OF THE 9TH
San Francisco Seals batting - Pitching for Buffalo Red Wings : LHP Elton Walton
Pitching: RHP Ricky Dougherty
Now at 1B: Logan Combs
Batting: RHB Tristin Hamada 0-0: Called Strike
0-1: Ball
1-1: SINGLE (Groundball, 56, EV 93.1 MPH) (infield hit)
Batting: RHB Braden Coleman 0-0: Called Strike
0-1: Called Strike
0-2: Strikes out swinging
Batting: RHB Justen Roman 0-0: Foul Ball, location: 2F
0-1: Ball
1-1: Ball
2-1: Foul Ball, location: 2F
2-2: Ball
3-2: Base on Balls
Tristin Hamada to second
Batting: RHB Kyle Phipps 0-0: Foul Ball, location: 2F
0-1: Ball
1-1: Foul Ball, location: 2F
1-2: Ball
2-2: Fly out, F9 (Flyball, 89S, EV 89.4 MPH)
Batting: RHB J.P. Buffolino 0-0: Called Strike
0-1: Ball
1-1: Fly out, F4 (Popup, 4D, EV 57.5 MPH)
Bottom of the 9th over - 0 runs, 1 hit, 0 errors, 2 left on base; Buffalo 4 - San Francisco 1
Sunday, May 5th , 2024 - OOTP Baseball 23.10 Build 110